[Event "79th Georgian Women-ch 2022"]
[Site "Tbilisi"]
[Date "2022.06.06"]
[Round "1.1"]
[White "Javakhishvili, Lela"]
[Black "Esadze, Tamari"]
[Result "1-0"]
[ECO "E05"]
[WhiteElo "2480"]
[BlackElo "1982"]
[Annotator "TA"]
[PlyCount "55"]
[EventDate "2022.06.06"]
[EventType "tourn"]
[EventCountry "GEO"]
[SourceTitle "playchess.com"]
[Source "ChessBase"]
[SourceQuality "1"]
[TimeControl "40/5400+30:1800+30"]

1. d4 d5 2. c4 e6 3. Nf3 Nf6 4. g3 Be7 5. Bg2 O-O 6. O-O dxc4 7. Qc2 Bd7 8. Ne5 {[%emt 0:14:36] E05: Open Catalan: 5 Nf3 Be7.} Bc6 9. Nxc6 Nxc6 10. e3 {[%emt 0:01:11] White is slightly better.} Qd7 11. Qxc4 {[%emt 0:02:01] [#]} Rad8 $146 ({Predecessor:} 11... Nd5 12. Nc3 Rfd8 13. Bd2 Rac8 14. Rfd1 Ncb4 15. Ne4 c6 16. a3 Na6 17. b4 Nac7 {1-0 (30) Castaneda,G (2487)-Kerkvliet,M (2210) Haarlem 2016}) 12. Nd2 Nd5 13. Nf3 Nb6 14. Qe2 Bf6 15. Rb1 e5 16. dxe5 Bxe5 17. Nxe5 Nxe5 18. b3 Nc6 19. Bb2 Qe6 20. Rbc1 Nd5 (20... Rfe8 $16 {might work better.} 21. Rfd1 Rxd1+ 22. Qxd1 (22. Rxd1 Qg6 $16) 22... Rd8) 21. Qb5 $18 Nxe3 $2 {[%emt 0:03:50] [#]} (21... Nb6 22. Bxc6 bxc6 23. Rxc6 Qe7) 22. fxe3 ({Inferior is} 22. Bxc6 Nxf1 23. Bxb7 Nd2 $15) 22... Rd2 23. Bc3 ({Weaker is} 23. Bxc6 Qxe3+ 24. Kh1 bxc6 $18) 23... Qxe3+ 24. Kh1 Rxa2 25. Qxb7 {[%emt 0:03:37] Chess con chili.} Rxg2 (25... Nd8 $142 26. Qxc7 Qe2) 26. Kxg2 {[%emt 0:03:16] White is clearly winning.} Qe4+ 27. Rf3 g5 28. Qb5 {[%emt 0:00:22] Weighted Error Value: White=0.01 (flawless) /Black=0.51} 1-0

[Event "79th Georgian Women-ch 2022"]
[Site "Tbilisi"]
[Date "2022.06.06"]
[Round "1.2"]
[White "Purtseladze, Maka"]
[Black "Tsotsonava, Elene"]
[Result "1-0"]
[ECO "C28"]
[WhiteElo "2287"]
[BlackElo "1915"]
[Annotator "TA"]
[PlyCount "59"]
[EventDate "2022.06.06"]
[EventType "tourn"]
[EventCountry "GEO"]
[SourceTitle "playchess.com"]
[Source "ChessBase"]
[SourceQuality "1"]
[TimeControl "40/5400+30:1800+30"]

1. e4 e5 2. Nc3 Nc6 3. Bc4 Nf6 4. d3 Bb4 5. Nge2 Na5 6. O-O Nxc4 7. dxc4 O-O {[%emt 0:01:37] C28: Vienna Game: 2...Nf6 3 Bc4 Nc6.} 8. Qd3 d6 9. Bg5 c6 {[%emt 0:05:54] Prevents Nd5. The position is equal.} (9... Bxc3 $5 10. Nxc3 h6 $11) 10. Rad1 {[%emt 0:09:59] [#]} Bg4 $146 ({Predecessor:} 10... h6 11. Bc1 Bg4 12. h3 Bh5 13. f3 Qb6+ 14. Kh2 Rad8 15. a3 Bxc3 16. Nxc3 Bg6 {0-1 (43) Van de Peut,A-Payne,R IECG email 2001}) 11. h3 $1 Bh5 12. g4 Bg6 13. a3 Bxc3 14. Nxc3 h5 ({Black should play} 14... Re8) 15. Qf3 $1 $16 ({Reject} 15. Qxd6 $6 Qxd6 16. Rxd6 Nxe4 17. Nxe4 Bxe4 $11) (15. Bxf6 $6 Qxf6 16. f3 (16. Qxd6 Qf4 $11) 16... Qh4 $11) 15... hxg4 16. hxg4 Qe7 17. Kg2 ({Better is} 17. Rd3) 17... Qe6 18. Bxf6 gxf6 19. Rh1 {[%emt 0:02:54] Qh3 is the strong threat.} Kg7 20. Kg3 $40 {[%emt 0:05:16][%mdl 128] White attacks with force.} Rg8 21. Qe3 Kf8 22. f3 Rd8 {[%emt 0:08:29] [#]} 23. b3 $1 f5 24. gxf5 Bxf5+ 25. Kf2 {[%emt 0:00:03] Active counter play!} Bh3 {[%emt 0:02:16] [#]} 26. Rdg1 (26. Rh2 $1 $18) 26... Rxg1 27. Rxg1 {[%emt 0:00:04] Strongly threatening Qg5.} b6 $2 (27... Ke7 $16 {is a better chance.}) 28. Rg3 {[%emt 0:01:17] White is clearly winning.} Ke8 29. Qg5 b5 30. Qh4 {[%emt 0:00:14] Weighted Error Value: White=0.07 (flawless) /Black=0.58} 1-0

[Event "79th Georgian Women-ch 2022"]
[Site "Tbilisi"]
[Date "2022.06.06"]
[Round "1.3"]
[White "Lomaia, Diana"]
[Black "Gvetadze, Sofio"]
[Result "1-0"]
[ECO "D70"]
[WhiteElo "1846"]
[BlackElo "2306"]
[Annotator "TA"]
[PlyCount "129"]
[EventDate "2022.06.06"]
[EventType "tourn"]
[EventCountry "GEO"]
[SourceTitle "playchess.com"]
[Source "ChessBase"]
[SourceQuality "1"]
[TimeControl "40/5400+30:1800+30"]

1. d4 Nf6 2. c4 g6 3. f3 d5 4. cxd5 Nxd5 5. e4 Nb6 6. Nc3 Bg7 7. Be3 O-O 8. Qd2 e5 9. O-O-O Nc6 10. d5 Nd4 11. f4 Bg4 12. Re1 $1 c5 {[%emt 0:05:37] D70: Grünfeld: Unusual White 3rd moves (met by ...d5).} 13. h3 Bd7 14. fxe5 Bxe5 {[%emt 0:00:59] White is slightly better.} 15. Nf3 Nxf3 16. gxf3 Rc8 (16... f5 $14) 17. f4 ({White should try} 17. Bg5 $16 f6 18. Bf4) 17... Bg7 $2 {[%emt 0:06:32] Black is on the road to losing.} (17... Bxc3 $11 {and Black is okay.} 18. Qxc3 f5) 18. e5 $18 Na4 {[%emt 0:06:49] [#]} 19. Nxa4 Bxa4 {[%emt 0:00:09] [#]} 20. Kb1 $146 ({Predecessor:} 20. Bg2 a5 21. Kb1 Bd7 22. Be4 c4 23. Bd4 b5 24. f5 b4 25. f6 Bh8 26. Rhg1 c3 27. Qh6 Be8 28. Rg4 {1-0 (28) Nikcevic,N (2409)-Vulevic,V (2292) Cetinje 2010}) 20... c4 21. Rc1 (21. Bxa7 $6 c3 22. bxc3 Qa5 $16) 21... b5 (21... Bb5 $142 22. Bg2 (22. Bxa7 c3 $16) 22... b6) 22. Be2 (22. Bxa7 Qd7 23. Bb6 Qf5+ 24. Ka1 Bb3 $11) 22... a5 23. d6 Rb8 24. Qd5 {[%emt 0:03:36] Threatens to win with b3.} Qh4 $2 (24... b4 {keeps fighting.} 25. Bxc4 Bd7) 25. Bg4 h5 (25... b4 {was called for.} 26. Rxc4 h5) 26. Bf3 b4 27. Rxc4 Bd7 28. Rc7 ({Weaker is} 28. Qxa5 Qg3 29. Rf1 (29. Qd5 $2 Be6 $19) 29... Bxh3 $17) 28... Be6 (28... Bf5+ $142 29. Ka1 Qg3) 29. Qd2 ({Not} 29. Qxa5 Qg3 30. Rf1 Bxh3 $11) 29... a4 30. Bf2 Qd8 31. Ba7 (31. h4 $18) 31... Bf5+ (31... Rc8 $16 32. Bb6 (32. Qxb4 $2 Rxc7 33. dxc7 Qd3+ 34. Ka1 Qxf3 $19) 32... Rxc7 33. Bxc7 Qh4) 32. Ka1 Rb5 (32... Rc8 {was necessary.}) 33. Bc6 Rxe5 34. fxe5 Bxe5 {[%emt 0:00:01] And now ...a3 would win.} 35. Rd1 a3 36. Bd4 Qxd6 {[%emt 0:00:42] aiming for ...Bxd4.} 37. Bxe5 Qxe5 38. Rb7 Rc8 {[%emt 0:00:36] [#]} 39. Rc1 (39. Bd5 $1 $18 ) 39... Kg7 (39... Qf6 $11) 40. Rxb4 {[%emt 0:00:00] White is clearly winning.} Qf6 (40... Kh7 $142 41. Qc3 axb2+ 42. Qxb2 Qd6) 41. Qc3 axb2+ 42. Rxb2 Bxh3 43. Qxf6+ Kxf6 44. Rbc2 Rd8 (44... Bf5 $142 45. Rh2 Kg7) 45. a4 Bf5 46. Rc4 Be6 47. Rf4+ Kg5 48. Rb4 Rd2 49. Rb2 Rd3 50. Rg2+ Kf4 51. Rf1+ Ke5 52. Rf3 Rd1+ 53. Kb2 Kd6 54. Be4 Kc5 (54... Re1 $142 55. Rd3+ Ke5) 55. Rd3 Re1 56. Rc2+ Kb6 57. Bd5 Bxd5 58. Rxd5 h4 59. Rb5+ Ka7 60. Rc7+ Ka6 61. Rxf7 h3 62. Rf8 Ka7 {[%emt 0:00:05] Prevents Ra8+.} 63. Rh8 Re2+ 64. Ka3 h2 65. Rb2 {[%emt 0:00:33] Weighted Error Value: White=0.63/Black=0.79} 1-0

[Event "79th Georgian Women-ch 2022"]
[Site "Tbilisi"]
[Date "2022.06.06"]
[Round "1.4"]
[White "Melia, Salome"]
[Black "Batsiashvili, Nino"]
[Result "1-0"]
[ECO "B30"]
[WhiteElo "2368"]
[BlackElo "2463"]
[Annotator "TA"]
[PlyCount "53"]
[EventDate "2022.06.06"]
[EventType "tourn"]
[EventCountry "GEO"]
[SourceTitle "playchess.com"]
[Source "ChessBase"]
[SourceQuality "1"]
[TimeControl "40/5400+30:1800+30"]

1. e4 c5 2. Nf3 Nc6 3. Bb5 e6 4. O-O Nge7 5. d4 cxd4 6. Nxd4 Nxd4 {[%emt 0:06:32] 6...Ng6 is setting a new trend. B30: Sicilian: 2...Nc6 3 Bb5, lines without ...g6.} 7. Qxd4 a6 8. Be2 Nc6 {[%emt 0:00:44] White is slightly better.} 9. Qc3 h5 {[%emt 0:08:57] [#]} 10. a4 $146 ({Predecessor:} 10. Bf4 b5 11. Nd2 Bb7 12. a4 b4 13. Qg3 h4 14. Qg4 {½-½ (14) Predojevic,B (2607)-Damljanovic,B (2566) Skopje 2014}) 10... Be7 (10... d5 $14) 11. Qxg7 $16 Bf6 12. Qg3 {[%emt 0:00:06] White is more active.} h4 13. Qh3 d5 14. exd5 Nd4 (14... exd5 $14 15. Bg4 Ne5 16. Bxc8 (16. Re1 Qe7 $17) 16... Qxc8) 15. Bd1 e5 {[%emt 0:02:42] [#]} 16. Qe3 h3 {[%emt 0:01:06] [#]} 17. g3 ({Wrong is} 17. Qe4 $2 Bf5 18. Qe3 Qxd5 $19) ({Better is} 17. Nc3 $1 $16) 17... Qxd5 $14 18. f3 Be6 19. Nc3 Qc6 20. Ne4 Be7 21. b4 Bc4 ({Don't take} 21... Bxb4 22. Qg5 $14) (21... Nxc2 $11 {feels stronger.} 22. Bxc2 Qxc2) 22. Rf2 O-O-O {[%emt 0:03:42][%cal Od4b3] Hoping for ...Nb3!} (22... Bxb4 $2 23. c3 $18) 23. Ba3 {[%emt 0:04:06][%cal Ob4b5] Threatens to win with b5!} Rhe8 24. b5 axb5 {[%emt 0:00:32] ...b4 is the strong threat.} 25. axb5 Bxb5 26. Bxe7 Rxe7 27. Qg5 {[%emt 0:06:09] Black escapes into a draw.  Weighted Error Value: White=0.15 (very precise) /Black=0.22 (precise)} 1-0

[Event "79th Georgian Women-ch 2022"]
[Site "Tbilisi"]
[Date "2022.06.06"]
[Round "1.5"]
[White "Vakhania, Alexandra"]
[Black "Arabidze, Meri"]
[Result "1-0"]
[ECO "A46"]
[WhiteElo "2135"]
[BlackElo "2436"]
[Annotator "TA"]
[PlyCount "157"]
[EventDate "2022.06.06"]
[EventType "tourn"]
[EventCountry "GEO"]
[SourceTitle "playchess.com"]
[Source "ChessBase"]
[SourceQuality "1"]
[TimeControl "40/5400+30:1800+30"]

1. d4 Nf6 2. Nf3 d6 3. Nc3 Bf5 4. h3 h6 5. g4 Bh7 6. Bg2 {[%emt 0:06:49] [#] A46: 1 d4 Nf6 2 Nf3 e6: Torre, London and Colle Systems.} Ne4 $146 ({Predecessor:} 6... Nbd7 7. g5 Ne4 8. h4 Nxc3 9. bxc3 e5 10. Rb1 Be4 11. Kf1 Qe7 12. a4 O-O-O {0-1 (29) Pribyl,J (2455)-Tal,M (2620) Sochi 1984}) 7. Nd2 Nxc3 8. bxc3 {[%emt 0:00:06] The position is equal.} c6 9. e4 e5 10. O-O Be7 11. dxe5 dxe5 12. Nc4 Qxd1 (12... f6 $142) 13. Rxd1 $11 Nd7 14. Be3 f6 15. Rab1 {[%emt 0:02:14] White is much more active. The black rooks are badly placed.} ({White should try} 15. a4 $14) 15... b6 (15... O-O-O $5 ) 16. Nd6+ Bxd6 17. Rxd6 Rc8 (17... Ke7 $5 18. Rbd1 (18. Rxc6 Rac8 $11) 18... Rhd8 $11) 18. a4 Ke7 (18... Kd8 {feels hotter.} 19. a5 Kc7 20. Re6 Rhe8) 19. Rdd1 Rc7 20. a5 Rb8 21. axb6 axb6 22. f3 Ra7 23. Bf1 Bg8 24. Rb2 Ra3 25. Kf2 Be6 (25... Rxc3 26. Bd2 Rc4 27. Bxc4 Bxc4 28. Rbb1 $16) 26. h4 Rba8 (26... Rxc3 27. Bd2 Rc4 28. Bxc4 Bxc4 29. Ra1 $16) 27. Be2 Ra2 (27... Rxc3 28. Bd2 Rc4 29. Bxc4 Bxc4 30. Rbb1 $16) 28. Rdb1 Rxb2 29. Rxb2 b5 30. Rb1 Ra2 31. Bd3 Bc4 32. Bxc4 bxc4 {[%emt 0:00:01][%mdl 4096] Endgame KRB-KRN} 33. Rc1 Nb8 34. Ke2 Na6 35. Kd2 Nc7 36. Bc5+ Ke6 37. Rb1 Nb5 38. Rb4 Ra1 39. Rxc4 Rf1 40. Ke2 Rh1 (40... Rc1 $14) 41. h5 $16 Ra1 42. Bf8 Kf7 43. Bb4 Ra6 44. Rc5 Ke6 45. Rc4 Kf7 46. Bc5 Ke6 47. Kd3 Ra8 48. Rb4 Rd8+ 49. Ke3 $1 Ra8 {[%emt 0:01:13] Against Ra4} (49... Rd7 $16 {was worth a try.}) 50. c4 $18 Nd6 51. Kd3 Rc8 52. Kc3 {[%emt 0:04:57] Threatens to win with Rb6.} Rc7 $2 (52... Ra8 $16 {was necessary.}) 53. Rb8 Rd7 54. Rb6 (54. Rf8 $142 {Strongly threatening Rb8.} Nb7 55. Rc8 $1) 54... Rc7 55. Ra6 Nf7 56. Bb6 Rd7 (56... Rb7 $16 57. Be3 Kd7) 57. Be3 (57. Ba5 $1 $18 {and the rest is easy.}) 57... Kd6 (57... Nd8 $16 58. Bc5 Rb7) 58. Ra1 (58. c5+ $18 Kc7 59. Ra7+ Kc8 60. Ra8+ Kb7 61. Re8) 58... Kc7 (58... Nd8 $16 59. c5+ Ke7) 59. Kb4 Nd8 60. Ra3 (60. f4 $16) 60... Ne6 $2 (60... Rd1 $1 $11) 61. Ra7+ $1 Kc8 62. Ra8+ $2 (62. Rxd7 $1 $18 {aiming for Re7.} Kxd7 63. Ka5) 62... Kb7 $16 63. Re8 Nc7 64. Rg8 Ne6 65. Ka5 ({White should play} 65. c5 $16) 65... Re7 (65... Rd1 $11 {keeps the balance.}) 66. Ka4 Rd7 67. Kb4 Re7 68. Bc5 (68. c5 $16) 68... Rd7 $11 69. Bf8 (69. Rh8 $11) 69... Kc7 (69... Ka6 $1 $15 70. Rh8 c5+ 71. Kc3 Kb7) 70. c5 Kb7 ({Don't take} 70... Rd4+ 71. Kb3 Rd8 72. Bd6+ Kd7 73. Rxd8+ Kxd8 74. Kc3 $11) (70... Rd8 $11 {remains equal.} 71. Bd6+ Kd7 72. Rxd8+ Kxd8) 71. Bd6 $16 Ng5 {[%emt 0:00:18] [#]} (71... Ka7 $16 72. c3 Nf4) 72. Ka5 $1 $18 (72. Rb8+ Ka7 73. Rg8 (73. Rc8 Kb7 $16) 73... Kb7 $16) 72... Ka7 $2 ({Not} 72... Nxf3 73. Bf8 Nh2 74. Bxg7 (74. Rxg7 Rxg7 75. Bxg7 Nxg4 $11) 74... Nxg4 75. Bf8 $16) (72... Ne6 73. Re8 Nc7) 73. Rc8 Kb7 74. Rb8+ Ka7 {[%emt 0:00:01][%cal Od7d6] [#] Hoping for ...Rxd6!} 75. Rb6 $1 Nxf3 76. Rxc6 {[%emt 0:00:26] White wants to mate with Ra6+.} Nd4 77. Ra6+ {[%emt 0:00:31] White mates.} Kb7 78. Rb6+ Ka7 79. c3 {[%emt 0:00:29] Weighted Error Value: White=0.22 (precise) /Black=0.29 (precise)} 1-0

[Event "79th Georgian Women-ch 2022"]
[Site "Tbilisi"]
[Date "2022.06.07"]
[Round "2.1"]
[White "Esadze, Tamari"]
[Black "Arabidze, Meri"]
[Result "0-1"]
[ECO "B85"]
[WhiteElo "1982"]
[BlackElo "2436"]
[Annotator "TA"]
[PlyCount "134"]
[EventDate "2022.06.06"]
[EventType "tourn"]
[EventCountry "GEO"]
[SourceTitle "playchess.com"]
[Source "ChessBase"]
[SourceQuality "1"]
[TimeControl "40/5400+30:1800+30"]

1. e4 c5 2. Nf3 e6 3. d4 cxd4 4. Nxd4 Nc6 5. Nc3 Qc7 6. Be2 Nf6 7. O-O Be7 8. Be3 O-O 9. Kh1 d6 10. f4 a6 11. Qe1 Nxd4 12. Bxd4 b5 13. a3 Bb7 14. Qg3 g6 (14... Bc6 $11) 15. Bf3 {[%emt 0:01:25] B85: Sicilian Scheveningen: 6 Be2 a6, lines with early Be3.} Rad8 {[%emt 0:14:52][%cal Ba8d8,Bd8d5,Bd5h5][%mdl 32] was the old line (15...Rac8).} 16. Rad1 d5 {[%emt 0:15:40][%cal Rd5e4] [#]} 17. exd5 $146 {[%emt 0:08:13] The position is equal.} ({Predecessor:} 17. Be5 Qc4 18. Qg5 d4 19. Ne2 Bxe4 20. Bxe4 Nxe4 21. Qxe7 Qxe2 22. Rde1 d3 23. Qb4 Qxf1+ 24. Rxf1 d2 25. Rd1 Nf2+ 26. Kg1 Nxd1 27. Bd4 Nc3 {0-1 (27) Valcarcel,V (1825)-Federzoni,E (2041) Juiz de Fora 2019}) 17... Nxd5 18. Bxd5 Bxd5 19. Nxd5 Rxd5 20. c3 Rfd8 21. Rde1 a5 22. Qh3 Rh5 23. Qf3 Rhd5 24. Qh3 Qb7 25. Qe3 Bd6 (25... Bf8 $15) 26. Bf6 (26. f5 $5 e5 27. Bb6 $11) 26... Be7 27. Bd4 Bf8 28. Qf3 Bg7 29. Bxg7 Kxg7 30. Re5 Qc7 31. Rxd5 Rxd5 $15 {[%emt 0:00:10][%mdl 4096] Endgame KQR-KQR} 32. h3 Qc4 33. Rf2 Rd3 34. Qe2 Qd5 35. Kh2 h5 36. g3 (36. Qf1 $142) 36... Rd1 $17 37. Rg2 Kg8 38. h4 Kh7 39. Qf2 a4 40. Qe2 Rd3 (40... Kg7 {is more complex.} 41. Qf2 Kf6 42. Qe3 Kf5) 41. Qf2 Kg8 42. Qe2 Kf8 (42... Kg7 {is interesting.} 43. Qc2 Kh6 44. Kh3 Rd1) 43. Qf2 (43. Kh3 $142) 43... e5 $1 44. fxe5 Qxe5 45. Qe2 Re3 {[%emt 0:00:15] Black is much more active.} 46. Qd2 Kg7 47. Qf2 (47. Qd8 $15) 47... Re4 48. Kg1 Re1+ 49. Kh2 Qe4 {[%emt 0:00:57] Inhibits Qf3.} 50. Qd2 Kg8 (50... Re3 $17) 51. Qd8+ $1 $15 Kg7 (51... Kh7 $1 $15) 52. Qd2 $1 $17 Kh7 {[%emt 0:02:36] aiming for ...Qb1.} 53. Qd7 $2 (53. Qc2 $17 {is more resistant.}) 53... Rf1 $1 $19 {[%emt 0:00:49] ...Qb1 is the strong threat.} 54. Qd2 {[%emt 0:01:58] [#]} ({Not} 54. Qxb5 Qe1 55. Qxf1 Qxf1) 54... Kg8 $2 $40 {[%emt 0:09:02][%mdl 128] Black mounts an attack.} ({Black should try} 54... Qb1 $1 $19 55. Rf2 Rh1+ 56. Kg2 Qe4+ 57. Rf3 Rb1) 55. Qd8+ (55. Qe2 $11 {remains equal.} Qf5 56. Qc2) 55... Kg7 $17 56. Qd2 Qb1 (56... Re1 $17) 57. Rf2 (57. Qd4+ $11 Kg8 58. Rf2 (58. Qd8+ {is a self mate.} Kh7)) 57... Rh1+ 58. Kg2 {[%emt 0:00:03] Threatening mate with Qd4+.} Qe4+ 59. Rf3 Re1 {[%emt 0:00:07] Strongly threatening ...Re2+.} 60. Kf2 {[%emt 0:03:18][%mdl 8192] [#] Inhibits Re2+.} (60. Qd4+ $17 Qxd4 61. cxd4) 60... Rf1+ $3 $19 61. Kxf1 Qxf3+ 62. Qf2 Qxf2+ 63. Kxf2 {[%emt 0:00:01] KP-KP} Kf6 64. Ke3 Ke5 {[%emt 0:00:06] Threatens to win with ...f6.} 65. Kd3 Kd5 66. Ke3 Kc4 67. Kf4 Kb3 {[%emt 0:00:30] Weighted Error Value: White=0.41/Black=0.28 (precise)} 0-1

[Event "79th Georgian Women-ch 2022"]
[Site "Tbilisi"]
[Date "2022.06.07"]
[Round "2.2"]
[White "Batsiashvili, Nino"]
[Black "Vakhania, Alexandra"]
[Result "1-0"]
[ECO "A46"]
[WhiteElo "2463"]
[BlackElo "2135"]
[Annotator "TA"]
[PlyCount "79"]
[EventDate "2022.06.06"]
[EventType "tourn"]
[EventCountry "GEO"]
[SourceTitle "playchess.com"]
[Source "ChessBase"]
[SourceQuality "1"]
[TimeControl "40/5400+30:1800+30"]

1. d4 {[%emt 0:00:24] Gupta,A} e6 2. Bf4 c5 3. e3 Nf6 4. Nf3 Nc6 5. Be2 d5 6. O-O {[%emt 0:00:26] A46: 1 d4 Nf6 2 Nf3 e6: Torre, London and Colle Systems.} Bd6 7. dxc5 Bxc5 8. c4 {[%emt 0:00:08] [#] White is slightly better.} d4 $146 ({Predecessor:} 8... O-O 9. Nc3 dxc4 10. Bxc4 Qxd1 11. Rfxd1 b6 12. Ng5 Be7 13. Nge4 Rd8 14. Bb5 Bb7 15. Nd6 Bxd6 16. Bxd6 Rac8 17. f3 a6 18. Be2 {0-1 (47) Rapport,R (2700)-Aronian,L (2797) Caleta 2018 CBM 183 [Gupta,A]}) 9. b4 Bxb4 10. exd4 O-O 11. Qd3 b6 12. Nc3 Ba6 13. Ne4 h6 14. Rac1 Nd5 15. Bg3 Be7 16. Qd1 Nf6 17. Nc3 {[%emt 0:00:20] Hoping for d5.} Nh5 18. d5 Nxg3 19. hxg3 Na5 20. dxe6 fxe6 21. Qc2 {[%emt 0:04:20] aiming for Qe4.} (21. Bd3 $5 ) 21... Ba3 ({Much less strong is} 21... Bxc4 22. Bxc4 Nxc4 23. Qe2 $16) 22. Rcd1 Qf6 23. Bd3 ({Better is} 23. Nb5 $14 Bxb5 24. cxb5) 23... Rac8 $11 (23... Nxc4 $2 24. Bxc4 Bxc4 25. Ne4 $18) 24. Nh4 {[%emt 0:09:05] Black must now prevent Bh7+.} g5 $2 {[%emt 0:04:02][%mdl 8192] Black is on the road to losing.} (24... Nxc4 $11 {and Black is okay.} 25. Bh7+ Kh8 26. Ng6+ Kxh7 27. Nxf8+ Kg8) 25. Bh7+ $18 Kg7 (25... Kf7 $2 26. Rd7+ Be7 27. Nf5 $1 $18 ) (25... Kh8 $142) 26. Rd7+ Rf7 27. Ne4 Rxc4 (27... Qb2 $2 28. Nxg5 $1 Qxc2 29. Rxf7+ Kh8 30. Bxc2) (27... Rxd7 $18 28. Nxf6 Kxf6) 28. Nxf6 {[%emt 0:01:58][%mdl 64] Pin} Rxc2 29. Nh5+ {[%emt 0:02:57] Pair of Knights!} ({And not} 29. Bxc2 Kxf6 30. Rxf7+ Kxf7 $17) 29... Kf8 {[%emt 0:02:49] [#]} 30. Rd8+ $1 ({Worse is} 30. Rxf7+ Kxf7 31. Bg6+ Kg8 32. Bxc2 Bxf1 33. Kxf1 gxh4 $11) 30... Ke7 {[%emt 0:00:28] [#]} 31. Rfd1 e5 (31... Bd3 32. R1xd3) 32. Bxc2 (32. Nf5+ $142 Rxf5 33. R1d7+ Ke6 34. Bg8+ Rf7 35. Rxf7 Rc1+ 36. Kh2 Rh1+ 37. Kxh1 Bd6 38. Rff8+ Ke7 39. Rfe8#) 32... gxh4 {[%emt 0:02:16] White is clearly winning.} 33. R1d7+ Ke6 34. Ng7+ Rxg7 35. Rxg7 hxg3 36. Rxg3 Bc5 37. Rg6+ Ke7 38. Ra8 Bb7 {[%emt 0:00:26] Inhibits Be4.} 39. Rxa7 Kd8 {[%emt 0:00:21] [#]} 40. Be4 $1 {[%emt 0:00:00] Weighted Error Value: White=0.32/Black=0.59} 1-0

[Event "79th Georgian Women-ch 2022"]
[Site "Tbilisi"]
[Date "2022.06.07"]
[Round "2.3"]
[White "Gvetadze, Sofio"]
[Black "Melia, Salome"]
[Result "0-1"]
[ECO "B22"]
[WhiteElo "2306"]
[BlackElo "2368"]
[Annotator "TA"]
[PlyCount "98"]
[EventDate "2022.06.06"]
[EventType "tourn"]
[EventCountry "GEO"]
[SourceTitle "playchess.com"]
[Source "ChessBase"]
[SourceQuality "1"]
[TimeControl "40/5400+30:1800+30"]

1. e4 c5 2. Nf3 e6 3. c3 Nf6 4. e5 Nd5 5. Bc4 d6 6. d4 cxd4 7. cxd4 Be7 8. O-O {[%emt 0:00:21] B22: Sicilian: 2 c3.} O-O 9. Qe2 b6 10. Rd1 {[%emt 0:04:08] White has an edge.} Bb7 11. Nc3 Nxc3 12. bxc3 dxe5 13. Nxe5 Qc8 {[%emt 0:10:07] [#]} (13... Nd7 $11 {keeps the balance.}) 14. Nxf7 $146 ({Predecessor:} 14. Bf4 Nc6 15. Bd3 Nxe5 16. Bxe5 Qd8 17. Qh5 g6 18. Qh6 Bf6 19. Re1 Bxe5 20. Rxe5 {½-½ (20) Zubov,A (2615)-Paichadze,L (2566) Batumi 2015}) 14... Rxf7 $11 15. Bxe6 Qf8 16. Bf4 {[%emt 0:44:59] [#]} (16. a4 $11) 16... Kh8 $1 $15 17. Bxf7 Qxf7 18. Bg3 Nd7 {[%emt 0:01:38][%mdl 1024] Black has compensation.} 19. c4 Nf6 20. Qe5 Rc8 {[%emt 0:03:20] Against Qc7} 21. d5 Bc5 22. Qf5 Rf8 23. Re1 {[%emt 0:00:45] [#]} (23. Kh1 $17) 23... Bc8 $1 $19 24. Qf3 h6 25. h3 (25. Kh1 $142) 25... Qh5 (25... Qg6 $19 26. d6 Nh7) 26. Qxh5 $17 Nxh5 27. Kh2 Nxg3 28. fxg3 Bd7 {[%emt 0:01:26] Black is more active.} 29. Re2 (29. Rf1 $17 {was worth a try.}) 29... Kg8 30. Rae1 a5 31. Rb1 a4 32. d6 (32. g4 $17) 32... Rf7 33. Rd1 Kf8 34. g4 Rf6 35. Red2 a3 36. Rd5 Ke8 37. Kg3 g5 38. R1d2 Kd8 39. R5d3 Bc6 {[%emt 0:00:50] Prevents Rf3.} 40. h4 Be4 {[%emt 0:00:00] A strong pair of Bishops.} 41. Rb3 Bxd6+ 42. Kh3 Kc7 43. Re3 Bc6 {[%emt 0:04:43] aiming for ...Rf1.} 44. Rde2 (44. Rxd6 $142 Kxd6 45. Rxa3) 44... Rf1 $19 45. Re1 Rf2 46. hxg5 hxg5 47. g3 Rf7 48. Kh2 Rh7+ 49. Kg1 Bc5 {[%emt 0:00:08] Weighted Error Value: White=0.90/Black=0.20 (precise)} 0-1